 Dungeon Crawl Stone Soup version 0.31-a0-210-gccc998df9b (webtiles) character file.

Game seed: 1675933931370133188

170 qw the Shooter (level 5, -8/36 (44) HPs)
             Began as a Minotaur Hexslinger on June 29, 2023.
             Was an Initiate of Okawaru.
             Mangled by Edmund
             ... wielding a +5 dire flail of draining
              (11 damage)
             ... on level 3 of the Dungeon.
             The game lasted 00:01:41 (2965 turns).

qw the Shooter (Minotaur Hexslinger)                Turns: 2965, Time: 00:01:42

HP:   -8/36 (44)    AC:  5    Str: 13    XL:     5   Next: 26%
MP:   5/5           EV: 11    Int: 10    God:    Okawaru [......]
Gold: 86            SH:  0    Dex: 14    Spells: 5/6 levels left

rFire   . . .        Y - +0 orcbow
rCold   . . .        (shield currently unavailable)
rNeg    + . .        e - +0 ring mail
rPois   .            (helmet restricted)
rElec   .            (no cloak)
rCorr   .            (no gloves)
SInv    .            (no boots)
Will    .....        a - amulet of the acrobat
Stlth   +            p - ring of positive energy
HPRegen 0.26/turn    (no ring)
MPRegen 0.09/turn

%: acrobat
@: heavily drained
A: horns 2, retaliatory headbutt
a: Renounce Religion


You were on level 3 of the Dungeon.
You worshipped Okawaru.
Okawaru was noncommittal.
You visited 1 branch of the dungeon, and saw 4 of its levels.

You collected 148 gold pieces.
You spent 62 gold pieces at shops.


Innate Abilities, Weirdness & Mutations

You have a pair of horns on your head.
You reflexively headbutt those who attack you in melee.


   Skills:
 + Level 2.9 Fighting
 - Level 5.3 Ranged Weapons
 - Level 1.3 Armour
 - Level 2.1 Dodging
 - Level 1.0 Spellcasting
 - Level 2.0 Hexes


You had 5 spell levels left.
You knew the following spells:

 Your Spells              Type           Power      Damage    Failure   Level
a - Slow                  Hex            16%        N/A       32%         1

Your spell library contained the following spells:

 Spells                   Type           Power      Damage    Failure   Level
 Inner Flame              Hex/Fire       2%         N/A       82%         3
 Portal Projectile        Hex/Tloc       4%         N/A       82%         3
 Cause Fear               Hex            2%         N/A       97%         4

Inventory:

Hand Weapons
 Y - a +0 orcbow (weapon)
Armour
 e - a +0 ring mail (worn)
Jewellery
 a - an amulet of the acrobat (around neck)
 d - a ring of fire
 p - a ring of positive energy (left hand)
Scrolls
 q - a scroll of identify
Potions
 f - a potion of heal wounds
 g - a potion of ambrosia {unknown}
 h - a potion of curing {unknown}
 i - a potion of resistance {unknown}
 j - a potion of lignification {unknown}
 k - a potion of haste {unknown}
 l - a potion of attraction {unknown}
 m - a potion of might {unknown}
 o - a potion of brilliance {unknown}

Dungeon Overview and Level Annotations

Branches:
Dungeon (4/15)
 Temple: D:4-7

Altars:
Nemelex Xobeh
Okawaru
Trog
The Shining One

Shops:
D:2 *

Annotations:
D:3 3 runed translucent doors, Edmund; qw's ghost, weakling DEHu


Message History

You start resting.
HP restored.
Items here: %% ))) [.
You see here a +0 whip.
Qw's ghost says, "Do you have an apple?
I have a shot I want to try."
Could not explore, unopened runed door.
(D) Dungeon
Where to? (* - list waypoints, Enter - D:4, ? - help)
What level of the Dungeon? (default 1, ? - help)
There is a stone staircase leading down, spattered with blood here.
You climb downwards.
Level annotation: Edmund Edmund hits you with a +5 dire flail of draining.
You partially resist.
You feel drained. The orc barely misses you. The orc hits you with a +0 dagger.
Edmund hits you with a +5 dire flail of draining.
You partially resist.
You feel drained.
There is a stone staircase leading up, spattered with blood here.
2961 ||| STAIRDANCE The orc hits you but does no damage.
Edmund hits you with a +5 dire flail of draining!
You partially resist.
You feel drained.
You climb upwards.
Level annotation: 3 runed translucent doors, qw's ghost, weakling DEHu
There is a stone staircase leading down, spattered with blood here.
You shoot an arrow. The arrow barely misses Edmund.
Edmund barely misses you. The orc hits you with a +0 dagger.
You shoot an arrow.
The arrow hits Edmund but does no damage.
Edmund hits you with a +5 dire flail of draining!
You partially resist.
You feel drained. The orc barely misses you. You furiously retaliate!
You headbutt the orc. You shoot an arrow. The arrow hits the orc!
You kill the orc!
Okawaru accepts your kill.
Edmund hits you with a +5 dire flail of draining!
You partially resist.
You feel drained.
Edmund says, "People accused me of being a cutpurse!"
Edmund hits you with a +5 dire flail of draining!
You die...

...# #...........#.###.......##
...# #.............##........##
...# ##...#.#####..............
...# ####..##.# #.......(........
...###.....##.###.....##...[.#...
...........##.....##..#..........
........#.............#..........
...........).)...[.##.#..........
)..............%@)....##.........
.........#.....)@[...####........
.##.##...........................
.##....#.#.........#.........#...
.##................#...>.....#...
......##.##........#.........#...
......##.##.....<..#.............
......#..####~~~~~~~.~~~~~~~.....
......#.## ##~#####~.~#####~..#..


You could see Edmund.

Vanquished Creatures
  An orc priest (D:3)
  An orc wizard (D:4)
  2 adders (D:3)
  3 gnolls (D:3)
  A worm (D:3)
  A dart slug (D:1)
  7 orcs
  4 bats
  4 endoplasms
  5 giant cockroaches
  4 goblins
  6 hobgoblins
  10 ball pythons
  4 frilled lizards
  4 kobolds
  6 rats
63 creatures vanquished.

Notes
Turn   | Place    | Note
-------+----------+-------------------------------------------
     0 | D:1      | qw the Minotaur Hexslinger began the quest for the Orb.
     0 | D:1      | Reached XP level 1. HP: 16/16 MP: 1/1
     0 | D:1      | 0 ||| qw: Version: 0.3-a-24-ga2abf7b
     0 | D:1      | 0 ||| qw: Game counter: 6821
     0 | D:1      | 0 ||| qw: Melee chars always use a shield: true
     0 | D:1      | 0 ||| qw: God list: Okawaru
     0 | D:1      | 0 ||| qw: Allow faded altars: false
     0 | D:1      | 0 ||| qw: Do Orc after clearing Dungeon:15 true
     0 | D:1      | 0 ||| qw: Do second Lair branch before Depths: true
     0 | D:1      | 0 ||| qw: Lair rune preference: random
     0 | D:1      | 0 ||| qw: Goals: Normal
     0 | D:1      | 0 ||| PLANNING D:1-11
   145 | D:1      | Reached skill level 3 in Ranged Weapons
   384 | D:1      | Reached XP level 2. HP: 23/23 MP: 2/2
   895 | D:1      | 895 ||| UPGRADING to +0 ring mail.
   905 | D:1      | 905 ||| DROPPING +0 robe.
   906 | D:1      | 906 ||| READING scroll labelled TOBYRA ISAUDIA.
   907 | D:1      | 907 ||| READING scroll labelled DARARYG YTUWIT.
   912 | D:1      | 912 ||| DROPPING scroll of poison.
  1064 | D:2      | Found Ling's Assorted Antiques.
  1076 | D:2      | 1076 ||| BUYING clear potion (15 gold).
  1076 | D:2      | Bought a clear potion for 15 gold pieces
  1076 | D:2      | 1076 ||| BUYING lumpy golden potion (15 gold).
  1076 | D:2      | Bought a lumpy golden potion for 15 gold pieces
  1076 | D:2      | 1076 ||| BUYING pink potion (15 gold).
  1076 | D:2      | Bought a pink potion for 15 gold pieces
  1076 | D:2      | 1076 ||| SHOPLISTING runed copper wand (68 gold, have 27).
  1076 | D:2      | 1076 ||| BUYING scroll labelled XABRUA ISOSE (17 gold).
  1076 | D:2      | Bought a scroll labelled XABRUA ISOSE for 17 gold pieces
  1076 | D:2      | 1076 ||| SHOPLISTING scroll labelled XEMADO YNIPT (17 gold,
                  | have 10).
  1103 | D:2      | Found an iron altar of Okawaru.
  1104 | D:2      | 1104 ||| PLANNING OKAWARU WORSHIP
  1110 | D:2      | 1110 ||| UPGRADING to amulet of the acrobat.
  1115 | D:2      | 1115 ||| READING scroll labelled XABRUA ISOSE.
  1116 | D:2      | 1116 ||| DRINKING 3 sapphire potions.
  1129 | D:2      | Became a worshipper of Warmaster Okawaru
  1130 | D:2      | 1130 ||| PLANNING D:1-11
  1206 | D:2      | Reached XP level 3. HP: 29/29 MP: 3/3
  1629 | D:2      | 1629 ||| UPGRADING to ring of positive energy.
  1630 | D:2      | 1630 ||| READING scroll labelled KIJAUB HOL ULE.
  1631 | D:2      | 1631 ||| READING 2 scrolls labelled PIPRAXT EVOA.
  1632 | D:2      | 1632 ||| DROPPING scroll of blinking.
  1736 | D:3      | Reached skill level 4 in Ranged Weapons
  1827 | D:3      | Reached skill level 1 in Armour
  1872 | D:3      | Reached XP level 4. HP: 36/36 MP: 4/4
  1881 | D:3      | 1881 ||| SWAPPING to +0 orcbow.
  1882 | D:3      | 1882 ||| DROPPING +2 sling.
  1899 | D:3      | 1899 ||| DROPPING scarf of shadows.
  1902 | D:3      | 1902 ||| READING scroll labelled YFUNGEO TEHORANE.
  1923 | D:3      | 1923 ||| FLEEEEING.
  1926 | D:3      | 1926 ||| STAIRDANCE
  1984 | D:2      | 1984 ||| READING 2 scrolls of identify.
  1984 | D:2      | 1984 ||| IDENTIFYING amethyst potion
  1985 | D:2      | 1985 ||| DROPPING potion of degeneration.
  2035 | D:3      | Found a runed translucent gate.
  2036 | D:3      | Found a runed translucent gate.
  2037 | D:3      | Found a runed translucent gate.
  2048 | D:3      | Noticed qw's ghost (weakling DEHu)
  2086 | D:3      | Found a bloodstained altar of Trog.
  2086 | D:3      | Found a sparkling altar of Nemelex Xobeh.
  2454 | D:3      | Found a glowing golden altar of the Shining One.
  2618 | D:3      | 2618 ||| Stepping randomly (stuck).
  2679 | D:4      | 2679 ||| STAIRDANCE
  2691 | D:3      | HP: 6/31 [orc priest/+2 mace of draining (6)]
  2692 | D:3      | 2692 ||| READING scroll of teleportation.
  2693 | D:3      | Reached skill level 5 in Ranged Weapons
  2832 | D:4      | 2832 ||| STAIRDANCE
  2836 | D:3      | HP: 8/32 [hobgoblin (3)]
  2837 | D:3      | 2837 ||| DRINKING 2 potions of heal wounds.
  2841 | D:3      | Reached XP level 5. HP: 28/37 MP: 5/5
  2912 | D:4      | 2912 ||| STAIRDANCE
  2912 | D:4      | Noticed Edmund
  2961 | D:4      | 2961 ||| STAIRDANCE
  2965 | D:3      | HP: 4/37 [Edmund/+5 dire flail of draining (7)]
  2965 | D:3      | Mangled by Edmund

Levels and vault maps discovered:
D:1:      dpeg_arrival_round_a, layout_basic, minmay_heptomino_l4
D:2:      layout_basic, basic_altar, serial_shops,
          nicolae_shop_temple_entry_statues_fountains
D:3:      layout_rooms, mainiacjoe_overflow_six_doors_small,
          nicolae_overflow_two_pavilions, gammafunk_ghost_necromancy
D:4:      layout_loops_ring, grunt_dithmenos_smoke, serial_glass,
          glass_columns_a, glass_columns_c, st_stairs_1, uniq_edmund

Skill      XL: |  1  2  3  4 |
---------------+-------------+-----
Ranged Weapons | 3 4 5 |  5.3
Fighting       | 2 |  2.9
Armour         | 1 |  1.3
Dodging        | |  2.1
Spellcasting   | |  1.0
Hexes          | |  2.0

Action                     |  1- 3 |  4- 6 || total
---------------------------+-------+-------++-------
   Fire: Sling             |   126 |       ||   126
         Orcbow            |       |    67 ||    67
    Use: Scroll            |     5 |     3 ||     8
         Potion            |     1 |     1 ||     2
 Armour: Ring mail         |    14 |    15 ||    29
  Dodge: Dodged            |    20 |    34 ||    54

Table legend:
 A = Non-vault XP
 B = Vault XP
 C = Vault XP percentage of total XP
 D = Non-vault monster count
 E = Vault monster count
 F = Vault count percentage of total count
                 A         B        C        D         E       F
            +---------+---------+-------+---------+---------+-------
      Total |     240 |       7 |   2.8 |      60 |       3 |   4.8
            +---------+---------+-------+---------+---------+-------
        D:1 |      13 |       7 |  35.0 |       9 |       3 |  25.0
        D:2 |      30 |       0 |   0.0 |      20 |       0 |   0.0
        D:3 |     157 |       0 |   0.0 |      28 |       0 |   0.0
        D:4 |      40 |       0 |   0.0 |       3 |       0 |   0.0
            +---------+---------+-------+---------+---------+-------
